 Dungeon Crawl Stone Soup version 0.19-a0-462-g6140235 (webtiles) character file.

337 MenacingMecha the Cudgeler (level 6, -14/66 HPs)
             Began as an Ogre Hunter on June 3, 2016.
             Killed by divine providence
             ... invoked by an orc priest
              (17 damage)
             ... on level 4 of the Dungeon.
             The game lasted 00:10:44 (4540 turns).

MenacingMecha the Cudgeler (Ogre Hunter)            Turns: 4540, Time: 00:10:45

Health: -14/66     AC:  3    Str: 18    XL:     6   Next: 54%
Magic:  6/6        EV: 10    Int: 10    God:
Gold:   138        SH:  0    Dex: 12    Spells: 0 memorised, 5 levels left

rFire  . . .     SeeInvis .     o - +0 mace
rCold  . . .     Gourm    +     b - +0 robe
rNeg   . . .     Faith    .     (no shield)
rPois  .         Spirit   .     (helmet restricted)
rElec  .         Dismiss  .     (no cloak)
rCorr  .         Reflect  .     (gloves unavailable)
SustAt +         Harm     .     (boots unavailable)
MR     .....                    h - amulet of the gourmand {Gourm, !d}
Stlth  +.........               (no ring)
                                s - ring of sustain attributes

@: lethally poisoned (-14 -> -15), not resistant to hostile enchantments, very
unstealthy
A: unfitting armour, tough skin 1
a: no special abilities


You were on level 4 of the Dungeon.
You were very full.

You visited 1 branch of the dungeon, and saw 4 of its levels.

You collected 138 gold pieces.

Inventory:

Hand Weapons
 o - a +0 mace (weapon)
   (You found it on level 2 of the Dungeon)
Missiles
 d - 2 throwing nets
 i - 118 stones (quivered)
Armour
 b - a +0 robe (worn)
Jewellery
 h - an amulet of the gourmand (around neck) {Gourm, !d}
   (You found it on level 2 of the Dungeon)
 j - an uncursed ring of fire {rF+, rC-}
   (You found it on level 1 of the Dungeon)
 k - an uncursed ring of ice {rC+, rF-}
   (You took it off a kobold on level 1 of the Dungeon)
 s - a ring of sustain attributes (left hand)
   (You found it on level 2 of the Dungeon)
Wands
 x - a wand of polymorph (6/24)
   (You found it on level 2 of the Dungeon)
Scrolls
 g - 2 scrolls of noise {unknown}
 m - 3 scrolls of identify {unknown}
 q - a scroll of recharging {unknown}
 t - 2 scrolls of teleportation {unknown}
 w - 2 scrolls of enchant weapon {unknown}
 y - 2 scrolls of amnesia {unknown}
 C - a scroll of random uselessness {unknown}
Potions
 a - 2 potions of magic {unknown}
 e - a potion of agility {unknown}
 l - 4 potions of might {unknown}
 z - 2 potions of curing {unknown}
 A - a potion of haste {unknown}
 D - a potion of flight {unknown}
Comestibles
 f - 3 bread rations
 r - 4 fruits
 v - a meat ration


   Skills:
 - Level 5.0 Fighting
 + Level 7.1 Maces & Flails
 - Level 4.0 Throwing
 - Level 1.7 Dodging
 - Level 0.7 Stealth


You had 5 spell levels left.
You didn't know any spells.

Dungeon Overview and Level Annotations

Branches:
Dungeon (4/15)
 Temple: D:4-7

Altars:
Dithmenos
Gozag
Hepliaklqana
Ru
Xom


Innate Abilities, Weirdness & Mutations

You are too large for most types of armour.
You have tough skin. (AC +1)


Message History

The worker ant bites you but does no damage.
You barely miss the worker ant.
The worker ant is severely wounded.
You feel sick. The worker ant bites you.
You hit the worker ant.
You kill the worker ant!
Your Maces & Flails skill increases to level 7!
You feel sick. The adder barely misses you.
Throwing (i - inventory. (,) - cycle):
c - 2 large rocks (quivered)
Press: ? - help, Shift-Dir - straight line, f - adder
Aim: an adder You throw a large rock.
The large rock barely misses the adder.
The large rock barely misses the giant cockroach.
You feel sick. The adder barely misses you.
The adder bites you but does no damage.
Throwing (i - inventory. (,) - cycle):
c - a large rock (quivered)
Press: ? - help, Shift-Dir - straight line, f/p - adder
Aim: an adder You throw a large rock.
The large rock barely misses the adder.
The large rock hits the giant cockroach but does no damage.
You feel sick. The adder closely misses you. The adder bites you.
Quiver which item? (- for none, * to show all) (? for menu, Esc to quit)
Okay, then.
Throwing (i - inventory. (,) - cycle):
u - 3 javelins (quivered)
Press: ? - help, Shift-Dir - straight line, f/p - adder
Aim: an adder You throw a javelin.
The javelin barely misses the adder.
The javelin barely misses the giant cockroach.
You feel sick. The adder misses you. The adder barely misses you.
Throwing (i - inventory. (,) - cycle):
u - 2 javelins (quivered)
Press: ? - help, Shift-Dir - straight line, f/p - adder
Aim: an adder You throw a javelin.
The javelin barely misses the adder.
The javelin hits the giant cockroach.
You kill the giant cockroach!
You feel sick. The adder bites you but does no damage.
The adder completely misses you.
An orc priest comes into view. It is wielding a dagger.
Throwing (i - inventory. (,) - cycle):
u - a javelin (quivered)
Press: ? - help, Shift-Dir - straight line, f/p - adder
Aim: an adder You throw a javelin.
The orc priest shouts!
The javelin hits the adder!
The adder is severely wounded.
You feel sick. The adder bites you. The adder bites you but does no damage.
An orc and an orc wizard come into view.
You miss the adder.
The adder is severely wounded.
The orc wizard shouts!
The orc priest mumbles some strange prayers to Beogh against you.
Beogh smites you! The adder bites you.
You are more poisoned.
The adder poisons you!
The orc shouts!
You hit the adder.
You kill the adder!
You feel sick. 2 orcs come into view.
As you read the scroll labeled ADOPOKKELEH, it crumbles to dust.
You feel as if something is helping you.
It was a scroll of remove curse.
The orc shouts! x2
The orc moves out of view.
As you read the scroll labeled CIHYJA ENTI, it crumbles to dust.
You feel aware of your surroundings.
You sensed 3 altars, and 1 shop/portal.
It was a scroll of magic mapping.
You feel sick. The orc wizard casts a spell at you. The magic dart hits you!
* * * LOW HITPOINT WARNING * * *
As you read the scroll labeled NEUNTU SEITH, it crumbles to dust.
The creatures around you are filled with an inner flame!
It was a scroll of immolation.
You feel sick.
Quiver which item? (- for none, * to show all) (? for menu, Esc to quit)
Okay, then.
Throwing (i - inventory):
i - 120 stones (quivered)
Press: ? - help, Shift-Dir - straight line, f - orc wizard
Aim: an orc wizard, wielding a dagger and wearing a robe (inner flame)
You throw a stone.
The stone closely misses the orc wizard.
The stone hits the orc but does no damage.
Throwing (i - inventory):
i - 119 stones (quivered)
Press: ? - help, Shift-Dir - straight line, f/p - orc wizard
Aim: an orc wizard, wielding a dagger and wearing a robe (inner flame)
You throw a stone.
The stone closely misses the orc wizard.
The stone hits the orc.
The orc is moderately wounded.
You feel sick.
The orc priest invokes the aid of Beogh against you.
Beogh smites you!
* * * LOW HITPOINT WARNING * * *
Things that are here:
a javelin; an adder corpse You feel sick.
The orc priest miscasts a cantrip.
You feel sick.
The orc priest mumbles some strange prayers to Beogh against you.
Beogh smites you!
You die...

#.....######(o#*,,,.*
*,**,******* #####.#*
##o##,,,,*
*,**,**,,,,, #..*
#..#,,,,***,**,**,****
##.#*
##.#**#..##..*,*,,,*,,
*..* #o#
*.......*,*,***,*
*#.**
#(##*...!$..,,,,* *,,
*,,*
#(o#*....(.#,,*******
**,**
##.##..(...#,,*,,,,**
*,,*
#.@#S(s...#,,*,**,**
**,**
##.#......#,>*,**,**
*,,*
#......?.#,,*,**,,,
**,**
##.#......,,*,,,,,*
*,,*
#$.*####.*+**,**,,
**,** ##.# *,,**,,,**,
*,,* *(# *,**,,,,,**
**,* *.#* *,*,,,,,,,*
*,** *..* *,,,,,_,,,,


You could see an orc priest, an orc wizard (inner flame) and an orc (inner
flame).

Vanquished Creatures
  An ogre (D:4)
  Terence (D:3)
  A worker ant (D:4)
  A gnoll (D:1)
  7 adders
  An ooze (D:1)
  An adder zombie (D:2)
  An adder skeleton (D:2)
  5 worms
  A dart slug (D:1)
  6 giant geckos
  5 orcs (D:3)
  2 ball pythons
  9 giant cockroaches
  7 goblins
  7 hobgoblins
  7 jackals
  11 kobolds
  A quokka (D:3)
  8 bats
  2 giant gecko zombies (D:2)
  3 giant newts
  A jackal zombie (D:2)
  A quokka skeleton (D:2)
  7 rats
97 creatures vanquished.

Notes
Turn   | Place    | Note
--------------------------------------------------------------
     0 | D:1      | MenacingMecha the Ogre Hunter began the quest for the Orb.
     0 | D:1      | Reached XP level 1. HP: 22/22 MP: 1/1
    73 | D:1      | Reached skill level 3 in Fighting
   142 | D:1      | Reached XP level 2. HP: 32/32 MP: 2/2
   227 | D:1      | Reached skill level 4 in Fighting
   327 | D:1      | Reached XP level 3. HP: 40/40 MP: 3/3
   778 | D:1      | Reached skill level 5 in Fighting
  1002 | D:2      | Reached skill level 1 in Maces & Flails
  1159 | D:1      | Reached XP level 4. HP: 38/50 MP: 4/4
  1231 | D:2      | Reached skill level 2 in Maces & Flails
  1342 | D:2      | Found a shimmering altar of Xom.
  1347 | D:2      | Found a shadowy altar of Dithmenos.
  1509 | D:2      | Reached skill level 3 in Maces & Flails
  2019 | D:2      | Reached XP level 5. HP: 57/57 MP: 5/5
  2030 | D:2      | Reached skill level 4 in Maces & Flails
  2208 | D:2      | Found a sacrificial altar of Ru.
  2385 | D:3      | HP: 14/57 [worm (9)]
  2725 | D:3      | Found a hazy altar of Hepliaklqana.
  2894 | D:3      | Found an opulent altar of Gozag.
  3279 | D:3      | HP: 14/57 [poisoned by an adder]
  3285 | D:3      | HP: 13/57 [poisoned by an adder]
  3293 | D:3      | HP: 13/57 [poisoned by an adder]
  3585 | D:3      | Noticed Terence
  3596 | D:3      | Killed Terence
  3596 | D:3      | Reached skill level 5 in Maces & Flails
  4507 | D:4      | Noticed an ogre
  4510 | D:4      | Killed an ogre
  4510 | D:4      | Reached skill level 6 in Maces & Flails
  4510 | D:4      | Reached XP level 6. HP: 66/66 MP: 6/6
  4524 | D:4      | Reached skill level 7 in Maces & Flails
  4537 | D:4      | HP: 4/66 [orc priest/divine providence (13)]
  4540 | D:4      | Killed from afar by an orc priest

Vault maps used:
D:1:      lightli_arrival_windingriver
D:2:      minitemple, nicolae_ru_path_of_blood, serial_undead, serial_undead_b,
          serial_undead_f, serial_undead_b, serial_undead_b, serial_undead_c,
          serial_undead_c, serial_undead_b, serial_undead_b, first_bread,
          dk_noncrumbling_3
D:3:      marbit_many_paths, nicolae_gozag_cash_rules_everything_around_me,
          uniq_terence
D:4:      kennysheep_mini, lemuel_round_altar, serial_shops, nicolae_shop_trees,
          nemelex_lonely_heart_becter, uniq_pikel

Skill      XL: |  1  2  3  4  5  6 |
---------------+-------------------+-----
Fighting       | 3 4 5 |  5.0
Maces & Flails | 1 3 6 7 |  7.1
Throwing       | |  4.0
Dodging        | |  1.7
Stealth        | |  0.7

Action                   |  1- 3 |  4- 6 || total
-------------------------+-------+-------++-------
Melee: Short sword       |    51 |       ||    51
       Club              |    42 |       ||    42
       Mace              |    22 |   209 ||   231
Throw: Stone             |    50 |   122 ||   172
       Large rock        |     1 |    13 ||    14
       Javelin           |       |     5 ||     5
  Use: Scroll            |       |     3 ||     3
  Eat: Chunk             |     1 |    21 ||    22
Armor: Robe              |    50 |    57 ||   107
Dodge: Dodged            |    72 |   141 ||   213

Vault maps used:
D:1:      lightli_arrival_windingriver
D:2:      minitemple, nicolae_ru_path_of_blood, serial_undead, serial_undead_b,
          serial_undead_f, serial_undead_b, serial_undead_b, serial_undead_c,
          serial_undead_c, serial_undead_b, serial_undead_b, first_bread,
          dk_noncrumbling_3
D:3:      marbit_many_paths, nicolae_gozag_cash_rules_everything_around_me,
          uniq_terence
D:4:      kennysheep_mini, lemuel_round_altar, serial_shops, nicolae_shop_trees,
          nemelex_lonely_heart_becter, uniq_pikel

Table legend:
 A = Turns spent in this place as a percentage of turns spent in the entire game.
 B = Non-inter-level travel turns spent in this place as a percentage of non-inter-level travel turns spent in the entire game.
 C = Inter-level travel turns spent in this place as a percentage of turns spent in this place.
 D = Turns resting spent in this place as a percentage of non-inter-level travel turns spent in this place.
 E = Turns spent auto-exploring this place as a percentage of non-inter-level travel turns spent in this place.
 F = Non-inter-level travel turns spent in this place divided by the number of levels of this place that you've seen.
                   A       B       C       D       E      F
               +-------+-------+-------+-------+-------+----------------------
         Total | 100.0 | 100.0 |   0.3 |   4.3 |   7.0 | 276.8
       Dungeon | 100.0 | 100.0 |   0.3 |   4.3 |   7.0 | 276.8
               +-------+-------+-------+-------+-------+----------------------

Table legend:
 A = Kills in this place as a percentage of kills in entire the game.
 B = Kills by you in this place as a percentage of kills by you in the entire game.
 C = Kills by friends in this place as a percentage of kills by friends in the entire game.
 D = Other kills in this place as a percentage of other kills in the entire game.
 E = Experience gained in this place as a percentage of experience gained in the entire game.
 F = Experience gained in this place divided by the number of levels of this place that you have seen.
                   A       B       C       D       E      F
               +-------+-------+-------+-------+-------+----------------------
         Total | 100.0 | 100.0 |  -nan |  -nan | 100.0 | 120.5
       Dungeon | 100.0 | 100.0 |  -nan |  -nan | 100.0 | 120.5
               +-------+-------+-------+-------+-------+----------------------
